 Dungeon Crawl Stone Soup version 0.17-a0-2231-gd80ca38 (webtiles) character file.

35 Raultor the Sneak (level 3, -1/21 HPs)
             Began as an Octopode Enchanter on Oct 29, 2015.
             Slain by Ijyb
             ... wielding a +9 club
              (7 damage)
             ... on level 2 of the Dungeon.
             The game lasted 00:03:20 (997 turns).

Raultor the Sneak (Octopode Enchanter)               Turns: 997, Time: 00:03:20

Health: -1/21      AC:  1    Str:  7    XL:     3   Next: 33%
Magic:  0/6        EV: 12    Int: 18    God:
Gold:   16         SH:  0    Dex: 12    Spells: 2 memorised, 3 levels left

rFire  . . .     SeeInvis .     a - +1 dagger
rCold  . . .     Clarity  .     (no shield)
rNeg   . . .     SustAt   .     (helmet restricted)
rPois  .         Gourm    .     (no amulet)
rElec  .         Spirit   .     (no ring)
rCorr  .         Warding  .     (no ring)
rMut   .         Stasis   .     (no ring)
MR     .....                    (no ring)
Stlth  ++++......               (no ring)
                                (no ring)
                                (no ring)
                                (no ring)

@: not resistant to hostile enchantments, stealthy
A: almost no armour, amphibious, 8 rings, constrict 8, camouflage 1, gelatinous
body 1
a: no special abilities


You were on level 2 of the Dungeon.
You were not hungry.

You visited 1 branch of the dungeon, and saw 2 of its levels.

You collected 16 gold pieces.

Inventory:

Hand Weapons
 a - a +1 dagger (weapon)
Missiles
 e - 16 poisoned needles
Scrolls
 j - a scroll of teleportation {unknown}
 k - a scroll of identify {unknown}
Potions
 d - a potion of lignification {unknown}
 f - a potion of magic {unknown}
Books
 b - a book of Maledictions

   Spells                             Type                      Level
   a - Corona                         Hexes                        1
   b - Ensorcelled Hibernation        Hexes/Ice                    2
   c - Confuse                        Hexes                        3
   d - Tukima's Dance                 Hexes                        3
   e - Dazzling Spray                 Conjuration/Hexes            3
Comestibles
 c - a bread ration
 g - 2 slices of pizza
 h - 3 chunks of flesh
 i - a meat ration


   Skills:
 + Level 1.1 Short Blades
 - Level 2.0 Dodging
 + Level 4.8 Stealth
 + Level 2.2 Spellcasting
 + Level 3.6 Hexes


You had 3 spell levels left.
You knew the following spells:

 Your Spells              Type           Power        Failure   Level  Hunger
a - Corona                Hex            ###....      4%          1    #......
b - Ensorcelled Hibernat  Hex/Ice        #.....       14%         2    ##.....


Dungeon Overview and Level Annotations

Branches:
Dungeon (2/15)

Altars:

Annotations:
D:2 Ijyb


Innate Abilities, Weirdness & Mutations

You cannot wear most types of armour.
You are amphibious.
You can wear up to eight rings at the same time.
You can use your tentacles to constrict eight enemies at once.
Your skin changes colour to match your surroundings (Stealth).
Your rubbery body absorbs attacks (AC +1).


Message History

Press: ? - help, Shift-Dir - straight line, f/p - Ijyb
Aim: Ijyb, wielding an enchanted club (chance to defeat MR: 49%) Ijyb resists with some effort.
Ijyb hits you with an enchanted club.
Casting: Ensorcelled Hibernation
Confirm with . or Enter, or press ? or * to list all spells.
Aiming: Ensorcelled Hibernation
Press: ? - help, Shift-Dir - straight line, f/p - Ijyb
Aim: Ijyb, wielding an enchanted club (chance to defeat MR: 49%) Ijyb resists with some effort.
You closely miss Ijyb. You grab Ijyb. You constrict Ijyb, but do no damage.
Ijyb hits you with an enchanted club!
Ouch! That really hurt!
* * * LOW HITPOINT WARNING * * *
You are too injured to fight recklessly!
You are too injured to fight recklessly!
You are too injured to fight recklessly!
You hit Ijyb.
Ijyb is lightly wounded.
You constrict Ijyb, but do no damage. Ijyb hits you with an enchanted club!
You die...

###
############...#
.........<.(.#.#
##..†.@g..r...!
#.........###.##
#.#.#####.# ..
.# ... .# ## .#
$#


You could see Ijyb and a rat.

Vanquished Creatures
  An ooze (D:1)
  A giant gecko (D:1)
  2 bats (D:1)
  2 giant cockroaches (D:1)
  5 goblins (D:1)
  4 hobgoblins (D:1)
  2 jackals (D:1)
  4 kobolds (D:1)
  4 giant newts
  5 rats (D:1)
30 creatures vanquished.

Notes
Turn   | Place    | Note
--------------------------------------------------------------
     0 | D:1      | Raultor the Octopode Enchanter began the quest for the Orb.
     0 | D:1      | Reached XP level 1. HP: 11/11 MP: 3/3
    59 | D:1      | Reached XP level 2. HP: 15/17 MP: 5/5
    68 | D:1      | Learned a level 2 spell: Ensorcelled Hibernation
   602 | D:1      | Reached XP level 3. HP: 12/21 MP: 6/6
   988 | D:2      | Noticed Ijyb
   997 | D:2      | Slain by Ijyb

Vault maps used:
D:1:      dpeg_arrival_pond, serial_glass, glass_columns_a, glass_columns_a,
          glass_columns_a, glass_columns_a, glass_columns_a
D:2:      uniq_iyjb

Action                   || total
-------------------------++-------
Melee: Dagger            ||    57
 Cast: Ensorcelled Hiber ||    11
 Stab: Sleeping          ||    15
  Eat: Chunk             ||     1
